AoeStats
← nonoleboss

Arena

507822542Analyzed
4v4 RM · 13d ago on Sep 19, 2026· 36m 52s· 8 players
Game mode
Random Map
Map size
Large (8 player)
Population
200
Speed
Normal
Resources
Standard
Victory
Conquest
Starting age
Dark Age
Ending age
Imperial Age
RankedLock teamsTeams togetherTeam positionsShared explorationLock speedFull tech treeHidden civsTurbo modeCheats
Victory
Defeat
🇫🇷 Spanish · France
1289
+14
🇨🇳 Franks · China
1275
+15
🇬🇷 Vikings · Greece
1228
+17
🇬🇷 Ethiopians · Greece
1191
+18
🇺🇸 Slavs · United States
1286
-17
🇧🇷 Spanish · Brazil
1266
-17
🇦🇷 Georgians · Argentina
1221
-15
🇧🇷 Magyars · Brazil
1216
-15
Komo Kazada
10:47 Feudal Age
11:34 Horse Collar
11:49 Double-Bit Axe
14:37 Castle Age
16:00 Bow Saw
20:12 Loom
21:29 Wheelbarrow
24:39 Gold Mining
26:14 Gold Shaft Mining
29:16 Imperial Age
28:13 Scale Barding Armor
27:59 Fletching
28:09 Padded Archer Armor
28:32 Ballistics
28:40 Corvinian Army
29:11 Thumb Ring
29:20 Bloodlines
30:31 Recurve Bow
30:28 Bodkin Arrow
30:49 Leather Archer Armor
31:24 Town Watch
31:56 Hand Cart
32:39 Parthian Tactics
31:42 Heavy Cavalry Archer
32:52 Elite Magyar Huszar
34:16 Conscription
34:38 Parthian Tactics
34:41 Bracer
35:12 Husbandry
36:31 Chemistry
37:26 Ring Archer Armor
eletronvalente
9:20 Feudal Age
14:28 Castle Age
12:21 Double-Bit Axe
12:42 Horse Collar
16:23 Loom
21:14 Loom
24:42 Heavy Plow
25:46 Fletching
25:58 Padded Archer Armor
25:45 Town Watch
27:37 Wheelbarrow
27:51 Bow Saw
31:16 Imperial Age
29:11 Gold Mining
29:47 Ballistics
29:38 Masonry
31:28 Leather Archer Armor
31:08 Bodkin Arrow
31:43 Hand Cart
32:25 Conscription
34:48 Pikeman
35:28 Squires
35:16 Gambesons
35:42 Forging
35:33 Scale Mail Armor
Nocnamania
10:30 Feudal Age
9:01 Loom
15:53 Castle Age
14:14 Horse Collar
15:44 Double-Bit Axe
16:53 Town Watch
16:54 Loom
28:07 Imperial Age
26:26 Forging
26:57 Wheelbarrow
26:23 Town Patrol
26:55 Bow Saw
27:02 Masonry
27:13 Ballistics
28:01 Scale Barding Armor
28:55 Hand Cart
28:35 Capped Ram
31:00 Siege Engineers
31:51 Heavy Scorpion
35:10 Chemistry
34:53 Fletching
35:46 Bodkin Arrow
damiansima
11:24 Feudal Age
15:18 Castle Age
13:04 Loom
13:16 Double-Bit Axe
13:12 Horse Collar
14:01 Fletching
14:29 Gold Mining
16:27 Bodkin Arrow
16:23 Loom
21:01 Bow Saw
23:15 Husbandry
23:25 Bloodlines
24:56 Padded Archer Armor
26:22 Leather Archer Armor
26:35 Stone Mining
27:21 Wheelbarrow
26:33 Town Watch
28:23 Elite Skirmisher
34:08 Imperial Age
32:15 Hand Cart
33:42 Scale Barding Armor
33:47 Forging
34:25 Masonry
35:04 Chain Barding Armor
35:23 Parthian Tactics
34:59 Bracer
35:27 Conscription
35:17 Squires
37:10 Chemistry
36:30 Ballistics
36:16 Siege Engineers
37:18 Iron Casting
nonoleboss
10:04 Feudal Age
14:26 Castle Age
12:34 Double-Bit Axe
13:17 Horse Collar
14:29 Padded Archer Armor
15:31 Bow Saw
25:14 Bloodlines
26:24 Husbandry
35:34 Imperial Age
35:30 Leather Archer Armor
35:53 Elite Conquistador
Tz.zT
11:06 Feudal Age
14:40 Castle Age
12:33 Double-Bit Axe
15:53 Bow Saw
16:40 Gold Mining
27:34 Imperial Age
24:53 Loom
24:53 Town Watch
27:06 Scale Barding Armor
27:12 Forging
27:48 Wheelbarrow
29:33 Chain Barding Armor
29:48 Iron Casting
30:41 Conscription
31:18 Plate Barding Armor
30:11 Cavalier
30:51 Husbandry
31:35 Paladin
32:24 Chivalry
33:39 Hand Cart
kostas_NRX
11:00 Feudal Age
14:49 Castle Age
12:39 Double-Bit Axe
12:35 Horse Collar
16:00 Bow Saw
17:56 Loom
23:44 Heavy Plow
27:47 Imperial Age
25:35 Scale Mail Armor
25:45 Forging
25:44 Gold Mining
25:44 Stone Mining
25:58 Man-at-Arms
26:24 Gambesons
26:40 Squires
26:25 Arson
26:59 Chain Mail Armor
26:40 Long Swordsman
27:15 Town Watch
28:30 Iron Casting
27:45 Fletching
27:50 Two-Handed Swordsman
29:27 Plate Mail Armor
28:44 Champion
31:27 Blast Furnace
30:51 Conscription
30:38 Chieftains
stelios19857
10:44 Feudal Age
14:31 Castle Age
12:30 Double-Bit Axe
13:55 Wheelbarrow
13:37 Horse Collar
15:47 Bow Saw
15:46 Fletching
16:49 Heavy Plow
28:03 Imperial Age
26:38 Ballistics
26:38 Thumb Ring
27:10 Bodkin Arrow
27:07 Crossbowman
28:24 Gold Mining
28:47 Padded Archer Armor
29:22 Conscription
29:53 Leather Archer Armor
30:14 Arbalester
33:07 Bracer
34:01 Ring Archer Armor
35:24 Chemistry
35:45 Hand Cart
36:09 Gold Shaft Mining
35:26 Stone Mining
37:20 Two-Man Saw
Connection lost

Rejoining the realm…

Still unreachable

The connection could not be restored.

Session expired

The server has moved on; the page needs a fresh start.